 Dungeon Crawl Stone Soup version 0.28-a0-1002-gf00fe891ef (webtiles) character file.

Game seed: 5439850715160162340

29 Umoon2 the Ducker (level 3, 28/28 HPs)
             Began as a Demonspawn Gladiator on Dec 6, 2021.
             Quit the game on level 1 of the Dungeon.
             The game lasted 00:00:59 (1139 turns).

Umoon2 the Ducker (Demonspawn Gladiator)            Turns: 1139, Time: 00:00:59

Health: 28/28      AC:  4    Str: 16    XL:     3   Next: 1%
Magic:  3/3        EV: 12    Int:  9    God:
Gold:   45         SH:  0    Dex: 14    Spells: 2/2 levels left

rFire   . . .      SeeInvis .   a - +0 rapier
rCold   . . .      Faith    .   (no shield)
rNeg    . . .      Spirit   .   b - +0 leather armour
rPois   .          Reflect  .   c - +0 helmet
rElec   .          Harm     .   (no cloak)
rCorr   .          Rampage  .   (no gloves)
Will    .....                   (no boots)
Stlth   +.........              (no amulet)
HPRegen 0.09/turn               (no ring)
MPRegen 0.16/turn               (no ring)

@: no status effects
A: magic regeneration, demonic touch 1
a: no special abilities


You were on level 1 of the Dungeon.
You visited 1 branch of the dungeon, and saw 1 of its levels.

You collected 45 gold pieces.

Inventory:

Hand Weapons
 a - a +0 rapier (weapon)
Missiles
 d - 3 throwing nets (quivered)
Armour
 b - a +0 leather armour (worn)
 c - a +0 helmet (worn)
Scrolls
 e - 3 scrolls of identify {unknown}
 f - a scroll of magic mapping {unknown}
 g - a scroll of enchant armour {unknown}
 h - a scroll of fear {unknown}
 j - a scroll of silence {unknown}
Potions
 i - a potion of flight {unknown}


   Skills:
 + Level 2.6 Fighting
 - Level 2.6 Short Blades
 - Level 1.7 Throwing
 + Level 1.2 Armour
 + Level 3.1 Dodging


You had 2 spell levels left.
You didn't know any spells.
Your spell library was empty.

Dungeon Overview and Level Annotations

Branches:
Dungeon (1/15)

Altars:


Innate Abilities, Weirdness & Mutations

You regenerate magic rapidly.
Your touch may inflict minor irresistible damage on your foes.


Message History

Found a hunting sling.
j - a scroll labelled HAZUPO EBOES A kobold comes into view.
It is wielding a +0 whip.
A kobold is nearby!
The kobold shouts!
You closely miss the kobold. The kobold barely misses you.
The kobold closely misses you.
You hit the kobold.
You kill the kobold!
No target in view!
No target in view!
No target in view!
No target in view!
No target in view!
No target in view!
No target in view!
No target in view!
No target in view!
No target in view!
Things that are here:
a +0 whip; a kobold corpse Done exploring.
Done exploring.
Done exploring.
Done exploring.
No target in view!
No target in view!
No target in view!
No target in view!
No target in view!
No target in view!
No target in view!
No target in view!
No target in view!
No target in view!
No target in view!
No target in view!
No target in view!
No target in view!
Are you sure you want to abandon this character and quit the game? (Confirm with "yes".)

## .# .#######
######### .......#
#.......# .#####.#
#.#####.# .#.###.#
#.# #.# .#.....#
#.#####@# .#.#.###
#.....#.#
.###.#####..##.#.#
...#........#..#.#
##.#.######.#.##.#
##.#.#.# #.#.##.#
.....#.# #.#.##.#
)....#.####.#.##.#
†....#......#.##.#


There were no monsters in sight!

Vanquished Creatures
  A dart slug (D:1)
  5 ball pythons (D:1)
  2 bats (D:1)
  An endoplasm (D:1)
  A giant cockroach (D:1)
  A goblin (D:1)
  A hobgoblin (D:1)
  4 frilled lizards (D:1)
  7 kobolds (D:1)
  5 rats (D:1)
28 creatures vanquished.

Notes
Turn   | Place    | Note
-------+----------+-------------------------------------------
     0 | D:1      | Umoon2 the Demonspawn Gladiator began the quest for the
                  | Orb.
     0 | D:1      | Reached XP level 1. HP: 16/16 MP: 1/1
   290 | D:1      | Found a faded altar of an unknown god.
   518 | D:1      | Gained mutation: Your touch may inflict minor irresistible
                  | damage on your foes. [demonic ancestry]
   518 | D:1      | Reached XP level 2. HP: 20/22 MP: 2/2
   648 | D:1      | Reached skill level 3 in Dodging
   655 | D:1      | Reached skill level 1 in Armour
  1055 | D:1      | Gained mutation: You regenerate magic rapidly. [demonic
                  | ancestry]
  1055 | D:1      | Reached XP level 3. HP: 28/28 MP: 3/3
  1139 | D:1      | Quit the game

Illustrated notes

Levels and vault maps discovered:
D:1:      eino_arrival_tree_alley, layout_basic, ebering_ecumenical_altar_webs

Skill      XL: |  1  2 |
---------------+-------+-----
Dodging        | 3 |  3.1
Armour         | 1 |  1.2
Fighting       | |  2.6
Short Blades   | |  2.6
Throwing       | |  1.7

Action                   || total
-------------------------++-------
Melee: Rapier            ||    67
       Touch             ||     5
 Stab: Sleeping          ||     1
Armor: Leather armour    ||    22
Dodge: Dodged            ||    41

Table legend: (Time is in decaauts)
 A = Elapsed time spent in this place.
 B = Non-inter-level travel time spent in this place.
 C = Inter-level travel time spent in this place.
 D = Time resting spent in this place.
 E = Time spent auto-exploring this place.
 F = Levels seen in this place.
 G = Mean time per level.
                   A        B        C        D        E       F      G
               +--------+--------+--------+--------+--------+-----+--------+
         Total |   1143 |   1143 |      0 |    390 |    599 |   1 | 1143.0 |
       Dungeon |   1143 |   1143 |      0 |    390 |    599 |   1 | 1143.0 |
               +--------+--------+--------+--------+--------+-----+--------+

Top non-repeatable levels by time:
     D:1: 1143 daAuts
